 Dungeon Crawl Stone Soup version 0.31-a0-174-g85c54bcb58 (webtiles) character file.

Game seed: 4601235059803177066

29 qw the Shooter (level 3, -4/21 HPs)
             Began as a Gargoyle Hunter on June 15, 2023.
             Slain by Sigmund
             ... wielding a +0 scythe
              (9 damage)
             ... on level 2 of the Dungeon.
             The game lasted 00:00:18 (914 turns).

qw the Shooter (Gargoyle Hunter)                     Turns: 914, Time: 00:00:18

Health: -4/21      AC:  9    Str: 14    XL:     3   Next: 16%
Magic:  3/3        EV: 10    Int:  9    God:
Gold:   56         SH:  0    Dex: 15    Spells: 2/2 levels left

rFire   . . .        Y - +0 shortbow
rCold   . . .        (shield currently unavailable)
rNeg    + . .        h - +0 ring mail
rPois   inf          k - +0 helmet
rElec   +            (no cloak)
rCorr   .            (no gloves)
SInv    .            (no boots)
Will    .....        (no amulet)
Stlth   +            (no ring)
HPRegen 0.23/turn    (no ring)
MPRegen 0.08/turn

%: no passive effects
@: no status effects
A: sickness immunity, AC +3, negative energy resistance 1, electricity
resistance, torment resistance 1, petrification resistance
a: no special abilities


You were on level 2 of the Dungeon.
You visited 1 branch of the dungeon, and saw 2 of its levels.

You collected 56 gold pieces.


Innate Abilities, Weirdness & Mutations

You are immune to sickness and miasma.
Your stone body is resilient. (AC +3)
You are immune to poison.
You resist negative energy. (rN+)
You are resistant to electric shocks. (rElec)
You are resistant to unholy torment.
You are immune to petrification.


   Skills:
 - Level 2.1 Fighting
 - Level 4.9 Ranged Weapons
 + Level 0.5 Armour
 - Level 1.5 Dodging
 - Level 1.1 Stealth


You had 2 spell levels left.
You didn't know any spells.
Your spell library was empty.

Inventory:

Hand Weapons
 Y - a +0 shortbow (weapon)
Armour
 h - a +0 ring mail (worn)
 k - a +0 helmet (worn)
Scrolls
 a - a scroll of identify
Potions
 b - a potion of cancellation {unknown}
 i - a potion of haste {unknown}

Dungeon Overview and Level Annotations

Branches:
Dungeon (2/15)

Altars:

Annotations:
D:2 Sigmund


Message History

There is a stone staircase leading up here.
There are monsters nearby!
Waypoint 1 assigned to D:2.
You shoot an arrow. The arrow hits the endoplasm!
You kill the endoplasm!
You shoot an arrow. The arrow hits the bat.
You kill the bat!
Found a leather armour.
b - a golden potion A rat comes into view.
You shoot an arrow. The arrow hits the rat!
You kill the rat!
Sigmund the Dreaded comes into view.
He is wielding a +0 scythe.
You shoot an arrow.
The arrow hits Sigmund but does no damage.
Sigmund gestures at you while chanting. The magic dart hits you.
You shoot an arrow. The arrow closely misses Sigmund.
Sigmund casts a spell at you.
The magic dart hits you but does no damage.
Sigmund casts a spell at you. The puff of flame hits you.
You shoot an arrow. The arrow hits Sigmund.
Sigmund is moderately wounded.
An endoplasm comes into view.
You shoot an arrow. The arrow hits the endoplasm!
You kill the endoplasm!
You shoot an arrow. The arrow hits Sigmund!
Sigmund is heavily wounded.
Sigmund gestures at you while chanting.
You are confused.
Sigmund hits you from afar with a +0 scythe.
Sigmund hits you from afar with a +0 scythe.
Sigmund hits you from afar with a +0 scythe!
You feel less confused. Sigmund completely misses you.
You shoot an arrow.
The arrow hits Sigmund but does no damage.
Sigmund is heavily wounded.
Sigmund hits you from afar with a +0 scythe!
You die...

# ###########.#
#..........#
##..###.###@.##
..[ #.....##
#..###.###.@#
##.#....# #...#
........# ##.#.
##..###.####.#.#
#. #......... #
#<####... .
#...%..#


You could see Sigmund.

Vanquished Creatures
  2 dart slugs (D:1)
  4 endoplasms
  A goblin (D:1)
  4 hobgoblins (D:1)
  3 ball pythons (D:1)
  A bat (D:2)
  4 kobolds (D:1)
  5 rats
24 creatures vanquished.

Notes
Turn   | Place    | Note
-------+----------+-------------------------------------------
     0 | D:1      | qw the Gargoyle Hunter began the quest for the Orb.
     0 | D:1      | Reached XP level 1. HP: 12/12 MP: 1/1
     0 | D:1      | 0 ||| qw: Version: 0.2-a-29-g511e9b1
     0 | D:1      | 0 ||| qw: Game counter: 5523
     0 | D:1      | 0 ||| qw: Always use a shield: true
     0 | D:1      | 0 ||| qw: God list: Okawaru
     0 | D:1      | 0 ||| qw: Allow faded altars: false
     0 | D:1      | 0 ||| qw: Do Orc after D:15 true
     0 | D:1      | 0 ||| qw: Do second Lair branch before Depths: true
     0 | D:1      | 0 ||| qw: Lair rune preference: random
     0 | D:1      | 0 ||| qw: Plans: Normal, Zot:1-4, Slime:5, God:TSO, Crypt,
                  | Tomb, Abyss, Pan, Hells, Win
     0 | D:1      | 0 ||| PLANNING D:1-11
     3 | D:1      | Noticed an electric eel
     4 | D:1      | Noticed an electric eel
   160 | D:1      | Reached XP level 2. HP: 16/17 MP: 2/2
   242 | D:1      | Found a faded altar of an unknown god.
   633 | D:1      | Reached XP level 3. HP: 21/21 MP: 3/3
   843 | D:1      | 843 ||| UPGRADING to +0 ring mail.
   853 | D:1      | 853 ||| DROPPING +0 leather armour.
   854 | D:1      | 854 ||| UPGRADING to +0 helmet.
   859 | D:1      | 859 ||| READING 2 scrolls labelled XUNODEL LYE.
   860 | D:1      | 860 ||| READING scroll labelled OQICSI IPUS.
   861 | D:1      | 861 ||| READING scroll labelled YQIPNIVOXEU.
   865 | D:1      | 865 ||| READING scroll labelled JACYRU QOULAUN.
   866 | D:1      | 866 ||| READING scroll labelled ATHREF PEMING.
   867 | D:1      | 867 ||| DROPPING scroll of butterflies.
   901 | D:2      | Noticed Sigmund
   911 | D:2      | HP: 5/21 [Sigmund/+0 scythe (9)]
   914 | D:2      | Slain by Sigmund

Levels and vault maps discovered:
D:1:      arrival_aquarium_b, layout_basic, basic_ecumenical_altar
D:2:      layout_loops_ring, serial_shops, shop, nrook_mini_vaults,
          uniq_sigmund, uniq_crazy_yiuf_cottage

Action                     || total
---------------------------++-------
   Fire: Shortbow          ||    57
    Use: Scroll            ||     5
 Armour: Leather armour    ||     2
         Ring mail         ||     1
  Dodge: Dodged            ||     8

Table legend:
 A = Non-vault XP
 B = Vault XP
 C = Vault XP percentage of total XP
 D = Non-vault monster count
 E = Vault monster count
 F = Vault count percentage of total count
                 A         B        C        D         E       F
            +---------+---------+-------+---------+---------+-------
      Total |      42 |       0 |   0.0 |      24 |       0 |   0.0
            +---------+---------+-------+---------+---------+-------
        D:1 |      36 |       0 |   0.0 |      20 |       0 |   0.0
        D:2 |       6 |       0 |   0.0 |       4 |       0 |   0.0
            +---------+---------+-------+---------+---------+-------
